 Dungeon Crawl Stone Soup version 0.31-a0-948-gf5be29c462 (webtiles) character file.

Game seed: 8893495880368131979

2282 BinkBink the Carver (level 9, 0/81 HPs)
             Began as a Minotaur Monk on Oct 20, 2023.
             Was an Elder of Okawaru.
             Slain by Joseph
             ... wielding a +1 spectral quarterstaff
              (2 damage)
             ... on level 7 of the Dungeon.
             The game lasted 00:10:29 (6967 turns).

BinkBink the Carver (Minotaur Monk)                 Turns: 6967, Time: 00:10:30

Health: 0/81       AC: 14    Str: 16    XL:     9   Next: 16%
Magic:  8/8        EV:  7    Int:  7    God:    Okawaru [****..]
Gold:   188        SH:  0    Dex: 17    Spells: 8/8 levels left

rFire   + . .        a - +3 falchion (freeze)
rCold   . . .        d - orb {light}
rNeg    . . .        n - +0 plate armour
rPois   .            (helmet restricted)
rElec   .            s - +2 cloak
rCorr   .            m - +0 pair of gloves
SInv    .            (no boots)
Will    .....        (no amulet) Stlth
                     r - ring of protection from fire
HPRegen 0.33/turn    (no ring)
MPRegen 0.11/turn

%: no passive effects
@: glowing
A: horns 2, retaliatory headbutt
a: Renounce Religion, Heroism, Finesse


You were on level 7 of the Dungeon.
You worshipped Okawaru.
Okawaru was greatly pleased with you.
You visited 1 branch of the dungeon, and saw 7 of its levels.
You also visited: Sewer.

You collected 188 gold pieces.

Inventory:

Hand Weapons
 a - a +3 falchion of freezing (weapon)
Missiles
 t - a throwing net
Armour
 b - a +0 robe
 d - an orb of light (worn)
 m - a +0 pair of gloves (worn)
 n - a +0 plate armour (worn)
 s - a +2 cloak (worn)
Jewellery
 r - a ring of protection from fire (left hand)
Talismans
 B - a beast talisman
Wands
 z - a wand of paralysis (17)
Scrolls
 e - a scroll of torment
 f - 2 scrolls of noise
 j - a scroll of immolation
 k - 2 scrolls of poison
 v - 2 scrolls of brand weapon
Potions
 c - a potion of heal wounds {unknown}
 g - 2 potions of curing
 h - a potion of mutation {unknown}
 i - 2 potions of lignification {unknown}
 l - a potion of ambrosia
 o - 2 potions of enlightenment {unknown}
 p - a potion of resistance {unknown}
 u - a potion of haste {unknown}
 w - 2 potions of brilliance {unknown}


   Skills:
 + Level 8.1 Fighting
 * Level 11.0 Long Blades
 + Level 0.6 Armour
 + Level 7.4 Dodging


You had 8 spell levels left.
You didn't know any spells.
Your spell library contained the following spells:

 Spells                   Type           Power      Damage    Failure   Level
 Kiss of Death            Conj/Necr      0%         2d5       100%        1
 Confusing Touch          Hex            0%         N/A       100%        3
 Dispel Undead            Necr           0%         3d6       100%        4


Dungeon Overview and Level Annotations

Branches:
Dungeon (7/15)             Temple (0/1) D:5           Sewer (visited)

Altars:
Ashenzari
Elyvilon
Fedhas
Kikubaaqudgha
Makhleb
Okawaru
Xom
Yredelemnul
Zin

Shops:
D:4 (

Annotations:
D:7 Joseph


Innate Abilities, Weirdness & Mutations

You have a pair of horns on your head.
You reflexively headbutt those who attack you in melee.


Message History

Joseph hits you but does no damage.
The +1 spectral quarterstaff barely misses you.
A +1 spectral quarterstaff comes into view.
You hit Joseph but do no damage. You completely miss Joseph.
Joseph hits you with a +1 spectral quarterstaff!
The +1 spectral quarterstaff hits you.
You are too injured to fight recklessly!
You are too injured to fight recklessly!
You are too injured to fight recklessly!
Unknown command.
Okay, then.
Okay, then.
You slash Joseph! You freeze Joseph.
Joseph is moderately wounded.
Joseph hits you but does no damage. The +1 spectral quarterstaff hits you.
You slash Joseph! You freeze Joseph. You headbutt Joseph, but do no damage.
Joseph is heavily wounded.
Joseph zaps a wand.
The puff of flame misses you.
You hit Joseph. You freeze Joseph. Your headbutt misses Joseph.
Joseph is heavily wounded.
You barely miss Joseph. You headbutt Joseph, but do no damage.
Joseph is heavily wounded.
Joseph hits you with a +1 spectral quarterstaff.
The +1 spectral quarterstaff hits you.
A +1 spectral quarterstaff comes into view.
You hit Joseph but do no damage. Your headbutt misses Joseph.
Joseph is heavily wounded.
The +1 spectral quarterstaff hits you.
* * * LOW HITPOINT WARNING * * *
Joseph closely misses you. The +1 spectral quarterstaff hits you.
* * * LOW HITPOINT WARNING * * *
The +1 spectral quarterstaff hits you!
* * * LOW HITPOINT WARNING * * *
You feel better. The +1 spectral quarterstaff hits you.
* * * LOW HITPOINT WARNING * * *
The +1 spectral quarterstaff hits you.
* * * LOW HITPOINT WARNING * * *
Joseph hits you with a +1 spectral quarterstaff.
You die...

............###########
........##.........#...
........##.............
.......................
.....#.................
.......................
.....#.................
.......#...............
.....##......<.@(......
..........@.#....
...........##...
........##.....
........# .....
#.#.....# .....
#.#.##### .... .. ...


You could see Joseph and a +1 spectral quarterstaff.

Vanquished Creatures
  Menkaure (D:5)
  A sky beast (D:6)
  Pargi (Sewer)
  A black bear (D:4)
  2 ice beasts
  A centaur (D:7)
  A bullfrog (D:6)
  3 necrophages (D:5)
  6 scorpions
  3 water moccasin zombies (D:5)
  2 howler monkeys (D:4)
  2 jellies
  2 gnoll boudas
  2 hounds
  3 orc priests
  A sleepcap (D:6)
  Natasha (thrice) (D:4)
  2 orc wizards
  9 adders
  11 gnolls
  A river rat (D:4)
  2 shadow imps (D:6)
  2 white imps
  4 worms
  3 dart slugs
  16 orcs
  5 endoplasms
  5 giant cockroaches
  8 hobgoblins
  6 jackals
  5 quokkas
  17 ball pythons
  4 bats
  7 frilled lizards
  5 goblins
  9 kobolds
  4 rats
160 creatures vanquished.

Notes
Turn   | Place    | Note
-------+----------+-------------------------------------------
     0 | D:1      | BinkBink the Minotaur Monk began the quest for the Orb.
     0 | D:1      | Reached XP level 1. HP: 19/19 MP: 0/0
   129 | D:1      | You fall into a shaft and drop 1 floor!
   151 | D:2      | Reached skill level 4 in Long Blades
   160 | D:2      | Reached XP level 2. HP: 14/27 MP: 1/1
   360 | D:1      | Reached XP level 3. HP: 33/33 MP: 2/2
  1364 | D:2      | Reached skill level 5 in Long Blades
  1515 | D:3      | Found an iron altar of Okawaru.
  1533 | D:3      | Became a worshipper of Warmaster Okawaru
  1533 | D:3      | Reached * piety under Okawaru
  1533 | D:3      | Reached ** piety under Okawaru
  1538 | D:3      | Reached XP level 4. HP: 40/40 MP: 3/3
  1789 | D:3      | Reached XP level 5. HP: 27/47 MP: 4/4
  2545 | D:4      | Reached skill level 6 in Long Blades
  2564 | D:4      | Noticed Natasha
  2571 | D:4      | Killed Natasha
  2572 | D:4      | Reached skill level 5 in Fighting
  2635 | D:4      | Reached XP level 6. HP: 41/56 MP: 5/5
  2867 | D:4      | Found a glowing drain.
  2871 | Sewer    | Entered a sewer
  2993 | Sewer    | Noticed Pargi
  3002 | Sewer    | Killed Pargi
  3003 | Sewer    | Reached skill level 7 in Long Blades
  3003 | Sewer    | Reached skill level 5 in Dodging
  3410 | D:4      | Reached XP level 7. HP: 40/62 MP: 6/6
  3477 | D:4      | Noticed Natasha
  3491 | D:4      | Killed Natasha
  3500 | D:4      | Found Puov's Weapon Boutique.
  3588 | D:4      | Reached *** piety under Okawaru
  3623 | D:4      | Reached skill level 8 in Long Blades
  4776 | D:5      | Entered Level 5 of the Dungeon
  4779 | D:5      | Noticed Menkaure
  4813 | D:4      | Noticed Natasha
  4818 | D:4      | Killed Natasha
  4989 | D:5      | Found a burning altar of Makhleb.
  5018 | D:5      | Found a blossoming altar of Fedhas.
  5060 | D:5      | Found a staircase to the Ecumenical Temple.
  5070 | D:5      | Reached XP level 8. HP: 50/71 MP: 7/7
  5229 | D:5      | Found a broken altar of Ashenzari.
  5244 | D:5      | Found a glowing silver altar of Zin.
  5322 | D:5      | Reached skill level 9 in Long Blades
  5664 | D:5      | Reached **** piety under Okawaru
  5709 | D:5      | Killed Menkaure
  5710 | D:5      | Reached skill level 10 in Long Blades
  6279 | D:6      | Found a shimmering altar of Xom.
  6383 | D:6      | Reached XP level 9. HP: 75/81 MP: 8/8
  6507 | D:6      | Found a basalt altar of Yredelemnul.
  6618 | D:6      | Found an ancient bone altar of Kikubaaqudgha.
  6888 | D:7      | Found a white marble altar of Elyvilon.
  6946 | D:7      | Reached skill level 11 in Long Blades
  6953 | D:7      | Noticed Joseph
  6967 | D:7      | HP: 2/81 [+1 spectral quarterstaff[Joseph] (3)]
  6967 | D:7      | Slain by Joseph

Illustrated notes

Levels and vault maps discovered:
D:1:      elethiomel_arrival_infinity_welcomes_careful_drivers, layout_rooms,
          serial_bayou_crossing
D:2:      layout_basic
D:3:      layout_basic, okawaru_ov_weapons_minmay, st_stairs_2
D:4:      layout_basic, gup_sewer_entry_spiral, kennysheep_small_square,
          uniq_natasha
D:5:      layout_rooms, mainiacjoe_overflow_swirl, overflow_temple_1_default,
          fedhas_altar_decomposition, minmay_temple_entry_statues_pillars,
          uniq_menkaure
D:6:      layout_basic, lemuel_tele_altar, lemuel_doored_altar,
          lemuel_round_altar, serial_bayou_pond_c
D:7:      layout_basic, elyvilon_altar_3, eino_jars, uniq_joseph

Skill      XL: |  1  2  3  4  5  6  7  8  9 |
---------------+----------------------------+-----
Long Blades    | 4 5 6 7 8 10 11 | 11.0
Fighting       | 4 5 6 7 8 |  8.1
Dodging        | 4 5 6 7 |  7.4
Armour         | |  0.6

Action                     |  1- 3 |  4- 6 |  7- 9 || total
---------------------------+-------+-------+-------++-------
  Melee: Falchion          |    85 |   146 |   204 ||   435
         Headbutt          |    14 |    32 |    59 ||   105
    Use: Potion            |     1 |       |     1 ||     2
         Scroll            |       |       |    16 ||    16
 Armour: Robe              |    46 |    71 |    80 ||   197
         Plate armour      |       |       |    18 ||    18
  Dodge: Dodged            |    73 |    91 |   120 ||   284
         Form:             |       |       |     1 ||     1
         Beast             |       |       |     1 ||     1

Table legend: (Time is in decaauts)
 A = Elapsed time spent in this place.
 B = Non-inter-level travel time spent in this place.
 C = Inter-level travel time spent in this place.
 D = Time resting spent in this place.
 E = Time spent auto-exploring this place.
 F = Levels seen in this place.
 G = Mean time per level.
                   A        B        C        D        E       F      G
               +--------+--------+--------+--------+--------+-----+--------+
         Total |   7025 |   6657 |    368 |    993 |   4583 |   8 |  878.1 |
       Dungeon |   6670 |   6302 |    368 |    993 |   4321 |   7 |  952.9 |
         Sewer |    355 |    355 |      0 |      0 |    262 |   1 |  355.0 |
               +--------+--------+--------+--------+--------+-----+--------+

Top non-repeatable levels by time:
     D:4: 2070 daAuts
     D:3: 1021 daAuts
     D:6: 965 daAuts
     D:5: 933 daAuts
     D:2: 898 daAuts
     D:1: 618 daAuts
   Sewer: 355 daAuts
     D:7: 163 daAuts
